 Dungeon Crawl Stone Soup version 0.18.1-5-g4a78601 (webtiles) character file.

32 Jerry the Grasshopper (level 2, 24/24 HPs)
             Began as a Demigod Warper on May 14, 2016.
             Quit the game on level 2 of the Dungeon.
             The game lasted 00:04:57 (1124 turns).

Jerry the Grasshopper (Demigod Warper)              Turns: 1124, Time: 00:04:57

Health: 24/24      AC:  5    Str: 14    XL:     2   Next: 93%
Magic:  7/7        EV: 11    Int: 17    God:
Gold:   23         SH:  0    Dex: 15    Spells: 2 memorised, 1 level left

rFire  . . .     SeeInvis .     a - +0 falchion
rCold  . . .     Gourm    .     l - +0 ring mail
rNeg   . . .     Faith    .     (no shield)
rPois  .         Spirit   +     (no helmet)
rElec  .         Dismiss  .     (no cloak)
rCorr  .         Reflect  .     (no gloves)
SustAt +         Harm     .     (no boots)
MR     .....                    g - amulet of guardian spirit
Stlth  +.........               (no ring)
                                (no ring)

@: not resistant to hostile enchantments, very unstealthy
A: high mp 1, sustain attributes
a: no special abilities


You were on level 2 of the Dungeon.
You were hungry.

You visited 1 branch of the dungeon, and saw 2 of its levels.

You collected 23 gold pieces.

Inventory:

Hand Weapons
 a - a +0 falchion (weapon)
Missiles
 b - 6 tomahawks
 e - 5 tomahawks of dispersal (quivered)
Armour
 l - a +0 ring mail (worn)
Jewellery
 g - an amulet of guardian spirit (around neck)
Scrolls
 d - a scroll of blinking
 h - 2 scrolls of teleportation {unknown}
 k - a scroll of identify {unknown}
Books
 c - a book of Spatial Translocations

   Spells                             Type                      Level
   a - Apportation                    Translocation                1
   b - Blink                          Translocation                2
   c - Shroud of Golubria             Charms/Translocation         2
   d - Portal Projectile              Translocation                3
   e - Teleport Other                 Translocation                3
   f - Passage of Golubria            Translocation                4
Comestibles
 f - a bread ration
 i - a meat ration


   Skills:
 + Level 2.2 Fighting
 + Level 2.2 Long Blades
 - Level 0.8 Throwing
 + Level 1.5 Armour
 + Level 2.0 Dodging
 - Level 1.7 Spellcasting
 + Level 0.1 Charms
 - Level 2.6 Translocations


You had one spell level left.
You knew the following spells:

 Your Spells              Type           Power        Failure   Level  Hunger
a - Apportation           Tloc           ##........   14%         1    #......
b - Shroud of Golubria    Chrm/Tloc      #.........   38%         2    ###....


Dungeon Overview and Level Annotations

Branches:
Dungeon (2/15)


Innate Abilities, Weirdness & Mutations

You have an increased reservoir of magic (+10% MP).
Your attributes are resistant to harm.


Message History

You destroy the fungus!
Eat which item? (? for menu, Esc to quit)
Okay, then.
You enter the shallow water.
Moving in this stuff is going to be slow.
You feel your power drawn to a protective spirit.
g - an amulet of guardian spirit (around neck)
You drop an amulet of guardian spirit.
(D) Dungeon
Where to? (Enter - D:2, ? - help)
There is an open door here.
You see here a large shield.
Magic restored.
There is a stone staircase leading down here.
You climb downwards.
Found 6 tomahawks.
There is a stone staircase leading up here.
b - 6 tomahawks
There are no items here.
Are you sure you want to abandon this character and quit the game? (Confirm with "yes".)

..####.# .#
......##.##
.........
....#..
..... # ...
#. #.#
#.##<#.#
#..@...#
#..#.#.#
#....#...
#.#.## ###
#.#. #.#. .
.. .


There were no monsters in sight!

Vanquished Creatures
  An ooze (D:1)
  2 dart slugs (D:1)
  A giant gecko (D:1)
  A bat (D:1)
  A giant cockroach (D:1)
  4 goblins (D:1)
  2 hobgoblins (D:1)
  2 jackals (D:1)
  3 giant newts (D:1)
  3 kobolds (D:1)
  2 rats (D:1)
  A fungus (D:1)
23 creatures vanquished.

Notes
Turn   | Place    | Note
--------------------------------------------------------------
     0 | D:1      | Jerry the Demigod Warper began the quest for the Orb.
     0 | D:1      | Reached XP level 1. HP: 17/17 MP: 5/5
    46 | D:1      | Reached skill level 1 in Armour
   284 | D:1      | Reached XP level 2. HP: 24/24 MP: 7/7
   896 | D:1      | Learned a level 2 spell: Shroud of Golubria
  1124 | D:2      | Quit the game

Skill      XL: |  1  2 |
---------------+-------+-----
Armour         | 1 |  1.5
Long Blades    | 2 |  2.2
Fighting       | 2 |  2.2
Dodging        | 2 |  2.0
Throwing       | |  0.8
Spellcasting   | |  1.7
Charms         | |  0.1
Translocations | |  2.6

Action                   || total
-------------------------++-------
Melee: Falchion          ||   104
 Stab: Sleeping          ||     3
Armor: Leather armour    ||     2
       Ring mail         ||    27
Dodge: Dodged            ||    68
